 Dungeon Crawl Stone Soup version 0.30-a0-723-gc1506a1cf0 (webtiles) character file.

Game seed: 13016660952074982188

2134 ASSMAN the Covert (level 9, -1/49 HPs)
             Began as a Vampire Delver on Jan 29, 2023.
             Slain by a gnoll
             ... wielding a +0 spear
             ... led by a gnoll bouda
              (6 damage)
             ... on level 7 of the Dungeon.
             The game lasted 00:06:59 (4630 turns).

ASSMAN the Covert (Vampire Delver)                  Turns: 4630, Time: 00:06:59

Health: -1/49      AC:  0    Str:  7 (11) XL:     9   Next: 9%
Magic:  7/9        EV: 23    Int:  8 (12) God:
Gold:   268        SH:  5    Dex: 21 (25) Spells: 8/8 levels left

rFire   . . .      SeeInvis +    (weapon currently unavailable)
rCold   + + .      Faith    .    (shield currently unavailable)
rNeg    + + +      Spirit   .    (body armour currently unavailable)
rPois   ∞          Reflect  +    (helmet currently unavailable)
rElec   .          Harm     .    (cloak currently unavailable)
rCorr   .          Rampage  .    (gloves currently unavailable)
Will    .....                    (boots currently unavailable)
Stlth   +++++++                  k - amulet of reflection
HPRegen 0.00/turn                (ring currently unavailable)
MPRegen 0.11/turn                (ring currently unavailable)

@: bat-form, flying, bloodless, inhibited regen, very quick
A: fast, flying, no casting, tiny, bloodless, fangs 3, see invisible, vampiric 2
a: Revivify, End Transformation


You were on level 7 of the Dungeon.
You were a vampire bat.
You visited 1 branch of the dungeon, and saw 5 of its levels.
You also visited: Sewer.

You collected 268 gold pieces.

Inventory:

Hand Weapons
 a - a +0 short sword
 f - the +9 dagger "Mysoid" (melded) {freeze, rN+}
   (You found it on level 4 of the Dungeon)

   rN:        It protects you from negative energy.
Armour
 b - a +0 leather armour (melded)
 t - a +0 helmet (melded)
 w - a scarf of invisibility (melded)
Jewellery
 k - an amulet of reflection (around neck)
 s - an amulet of faith
 v - a +6 ring of strength (melded)
 y - an amulet of regeneration
 B - an amulet of guardian spirit
Wands
 g - a wand of digging (3)
 p - a wand of paralysis (5)
 u - a wand of polymorph (9)
 A - a wand of flame (28)
Scrolls
 c - 2 scrolls of fog
 d - 3 scrolls of amnesia {unknown}
 h - 5 scrolls of identify
 i - 2 scrolls of immolation {unknown}
 m - a scroll of noise {unknown}
 n - a scroll of poison {unknown}
 r - a scroll of torment {unknown}
 z - a scroll of magic mapping
 C - a scroll of teleportation {unknown}
Potions
 e - 3 potions of degeneration
 j - 2 potions of brilliance
 l - 2 potions of curing
 o - a potion of ambrosia {unknown}
 q - a potion of attraction {unknown}
 x - 2 potions of flight {unknown}
 D - a potion of haste


   Skills:
 - Level 2.6 Fighting
 - Level 10.0 Short Blades
 + Level 5.2 Dodging
 + Level 10.9 Stealth
 + Level 3.6 Evocations


You had 8 spell levels left.
You didn't know any spells.
Your spell library was empty.

Dungeon Overview and Level Annotations

Branches:
Dungeon (7/15)             Temple (0/1) D:7           Sewer (visited)

Altars:
Sif Muna
Wu Jian

Shops:
D:3 (   D:6 :

Annotations:
D:5 2 transporters


Innate Abilities, Weirdness & Mutations

You are a vampire bat.
You are tiny and dextrous.
You move quickly.
You are flying.
You are immune to poison.
Your equipment is almost entirely melded.
You are incapable of wielding weapons or throwing items.
You cannot cast spells.
You do not regenerate when monsters are visible.
You are frail without blood (-20% HP).
You can heal yourself when you bite living creatures.
You are immune to poison.
You have razor-sharp teeth.
You have supernaturally acute eyesight. (SInv)
You are afflicted with vampirism and can become a bat while bloodless.


Message History

You see here 7 gold pieces.
There are monsters nearby!
An iguana comes into view.
The gnoll shouts! x2; You hear a shout!
The iguana hisses angrily.
The gnoll hits you from afar with a +0 halberd!
You block the gnoll's attack.
The gnoll bouda shouts!
You hit the gnoll. You freeze the gnoll.
The gnoll is moderately wounded.
The gnoll hits you but does no damage. You block the gnoll's attack.
The gnoll hits you with a +0 spear.
The gnoll bouda gazes fiercely through you!
You feel your attacks grow feeble.
You hit the gnoll but do no damage.
The gnoll is moderately wounded.
The gnoll attacks as you move away! The gnoll hits you with a +0 spear!
A centaur comes into view.
You block the gnoll's attack. The gnoll attacks as you move away!
The gnoll completely misses you.
You see here 7 gold pieces.
Okay, then.
The gnoll attacks as you move away! The gnoll completely misses you.
Your attacks no longer feel as feeble.
The gnoll bouda barks out a call to the hunt!
The gnolls pick up the pace!
The gnoll hits you from afar with a +0 spear.
You turn into a vampire bat.
The +9 dagger "Mysoid" {freeze, rN+} melds into your body.
Your scarf of invisibility melds into your body.
Your +0 helmet melds into your body.
Your +0 leather armour melds into your body.
Your +6 ring of strength melds into your body.
The +9 dagger "Mysoid" {freeze, rN+} stops glowing.
You feel weaker.
You feel weakened.
You feel dopey.
You feel clumsy.
The centaur wields a +0 shortbow.
The centaur shoots an arrow.
The arrow hits you!
* * * LOW HITPOINT WARNING * * *
The gnoll completely misses you.
The gnoll hits you from afar with a +0 spear.
You die...

#.....#...##...'.........
#.....'........#.........
#.....#...##..##.........
#...##..##.........
#...'....+.........
#...#....#......... ####
#...######...##....
.....##...######...##....
.......gb................
+##..##..................
##+# #.g...##...........
#...##cg...##...........
+.....g....###'#####....
#..........##.....##....
#..l##.!...##......#....
##.. #.....##......'....
#.. #.....##.....##....


You could see a centaur, a gnoll bouda and 3 gnolls.

Vanquished Creatures
  A kobold demonologist (D:7)
  Menkaure (D:7)
  A water moccasin (D:4)
  An ice beast (D:7)
  Pargi (Sewer)
  An orc warrior (D:6)
  4 ogres
  A centaur (D:7)
  A gnoll sergeant (D:7)
  6 scorpions
  3 hounds (D:5)
  4 jellies
  2 orc priests
  An iguana (D:5)
  11 gnolls
  2 river rats (D:3)
  3 adders
  A shadow imp (D:5)
  2 white imps (D:7)
  2 ufetubi (D:7)
  8 worms
  A dart slug (D:3)
  10 orcs
  6 bats
  2 endoplasms (D:3)
  4 goblins
  A hobgoblin (D:3)
  3 quokkas
  A kobold (D:3)
  A rat (D:3)
86 creatures vanquished.

Notes
Turn   | Place    | Note
-------+----------+-------------------------------------------
     0 | D:5      | ASSMAN the Vampire Delver began the quest for the Orb.
     0 | D:5      | Reached XP level 1. HP: 17/17 MP: 1/1
    59 | D:5      | Noticed a jelly
    61 | D:5      | Found a transporter.
    62 | D:5      | Killed a jelly
    63 | D:5      | Reached XP level 2. HP: 23/23 MP: 2/2
    63 | D:5      | Gained mutation: You are afflicted with vampirism and can
                  | become a bat while bloodless. [Vampire growth]
    63 | D:5      | Reached XP level 3. HP: 28/28 MP: 3/3
    77 | D:5      | Noticed a scorpion
   156 | D:4      | Identified the +9 dagger "Mysoid" {freeze, rN+}
   165 | D:4      | Reached XP level 4. HP: 34/34 MP: 4/4
   256 | D:4      | Noticed a water moccasin
   260 | D:4      | Noticed a scorpion
   407 | D:3      | Found Mer Hut's Weapon Boutique.
   423 | D:3      | Found a glowing drain.
   447 | Sewer    | Entered a sewer
   474 | Sewer    | Noticed Pargi
   491 | Sewer    | Killed Pargi
   492 | Sewer    | Reached skill level 5 in Short Blades
   492 | Sewer    | Reached XP level 5. HP: 39/39 MP: 5/5
   771 | D:3      | Reached XP level 6. HP: 46/46 MP: 6/6
   981 | D:3      | Found a shimmering blue altar of Sif Muna.
  1356 | D:4      | Killed a water moccasin
  1532 | D:5      | Reached XP level 7. HP: 51/51 MP: 7/7
  2146 | D:5      | Reached skill level 10 in Short Blades
  2146 | D:5      | Reached XP level 8. HP: 57/57 MP: 8/8
  2321 | D:5      | Found a transporter.
  2475 | D:6      | Found Ibaisuh's Book Shop.
  2638 | D:6      | Reached skill level 1 in Evocations
  2753 | D:6      | Found an ornate altar of the Wu Jian Council.
  3352 | D:7      | Noticed a kobold demonologist
  3362 | D:7      | Killed a kobold demonologist
  3363 | D:7      | Reached skill level 10 in Stealth
  3590 | D:7      | Noticed Menkaure
  3606 | D:7      | Killed Menkaure
  3607 | D:7      | Reached skill level 5 in Dodging
  3607 | D:7      | Reached XP level 9. HP: 35/62 MP: 9/9
  3671 | D:7      | Found a staircase to the Ecumenical Temple.
  4630 | D:7      | Slain by a gnoll

Illustrated notes

Levels and vault maps discovered:
D:3:      layout_rooms, lemuel_blue_sif_altar, serial_shops,
          nicolae_shop_bloodbath_and_beyond, portal_sewer_entry_a,
          kennysheep_generic_room_9
D:4:      layout_rooms, mainiacjoe_overflow_small_starburst, nicolae_wormholes
D:5:      gammafunk_cloud_chamber, layout_basic, serial_park_tiny_pond
D:6:      layout_basic, nzn_wu_jian_contemplation, nicolae_stop_n_shop_1
D:7:      layout_gridville, minmay_temple_entry_trees, uniq_menkaure

Skill      XL: |  1  2  3  4  5  6  7  8 |
---------------+-------------------------+-----
Short Blades   | 3 5 6 7 10 | 10.0
Stealth        | 8 10 | 10.9
Evocations     | 3 |  3.6
Dodging        | 5 |  5.2
Fighting       | |  2.6

Action                     |  1- 3 |  4- 6 |  7- 9 || total
---------------------------+-------+-------+-------++-------
  Melee: Short sword       |     5 |       |       ||     5
         Dagger            |     1 |   101 |   124 ||   226
         Bite              |     1 |     7 |    11 ||    19
         Punch             |       |     2 |     1 ||     3
Ability: Bat Form          |       |       |     2 ||     2
         End Transformatio |       |       |     1 ||     1
         Exsanguinate      |       |       |     1 ||     1
    Use: Potion            |     1 |     1 |     2 ||     4
         Scroll            |       |     7 |       ||     7
   Stab: Sleeping          |     5 |    10 |    10 ||    25
 Armour: Leather armour    |       |     7 |    10 ||    17
  Dodge: Dodged            |     1 |    36 |    39 ||    76
  Block: Other             |       |       |    25 ||    25
         Reflection        |       |       |     1 ||     1

Table legend: (Time is in decaauts)
 A = Elapsed time spent in this place.
 B = Non-inter-level travel time spent in this place.
 C = Inter-level travel time spent in this place.
 D = Time resting spent in this place.
 E = Time spent auto-exploring this place.
 F = Levels seen in this place.
 G = Mean time per level.
                   A        B        C        D        E       F      G
               +--------+--------+--------+--------+--------+-----+--------+
         Total |   4533 |   4321 |    212 |    842 |   2719 |   6 |  755.5 |
       Dungeon |   4448 |   4236 |    212 |    842 |   2708 |   5 |  889.6 |
         Sewer |     84 |     84 |      0 |      0 |     11 |   1 |   84.0 |
               +--------+--------+--------+--------+--------+-----+--------+

Top non-repeatable levels by time:
     D:6: 1516 daAuts
     D:5: 1034 daAuts
     D:3: 737 daAuts
     D:7: 599 daAuts
     D:4: 561 daAuts
   Sewer: 84 daAuts
